 Dungeon Crawl Stone Soup version 0.28.0 (webtiles) character file.

Game seed: 7354752772153312152

587 mortz the Magician (level 7, -19/48 HPs)
             Began as a Djinni Conjurer on Feb 18, 2022.
             Demolished by Duvessa (20 damage)
             ... on level 4 of the Dungeon.
             The game lasted 00:27:56 (4872 turns).

mortz the Magician (Djinni Conjurer)                Turns: 4872, Time: 00:27:57

Health: -19/48     AC:  4    Str:  6    XL:     7   Next: 65%
Gold:   138        EV: 12    Int: 22    God:
                   SH:  0    Dex: 11

rFire   + . .      SeeInvis .   a - +1 short sword (venom)
rCold   . . .      Faith    .   (no shield)
rNeg    . . .      Spirit   .   n - +2 animal skin
rPois   ∞          Reflect  .   (no helmet)
rElec   .          Harm     .   (no cloak)
rCorr   .          Rampage  .   (no gloves)
Will    .....                   (boots unavailable)
Stlth   ++........              (no amulet)
HPRegen 0.16/turn               k - ring of ice
MPRegen 0.00/turn               (no ring)

@: flying
A: sickness immunity, fire resistance 2, cold vulnerability 1, float, innate
caster, HP casting, extra vitality 1
a: no special abilities


You were on level 4 of the Dungeon.
You visited 1 branch of the dungeon, and saw 4 of its levels.

You collected 138 gold pieces.

Inventory:

Hand Weapons
 a - a +1 short sword of venom (weapon)
 p - a +0 short sword of speed
Armour
 h - a +0 scale mail
 n - a +2 animal skin (worn)
Jewellery
 k - a ring of ice (left hand)
Wands
 o - a wand of mindburst (21)
Scrolls
 b - a scroll of noise {unknown}
 c - a scroll of brand weapon {unknown}
 e - a scroll of blinking {unknown}
 f - a scroll of torment {unknown}
 g - 2 scrolls of amnesia {unknown}
 j - a scroll of summoning {unknown}
 l - a scroll of magic mapping {unknown}
Potions
 d - 2 potions of mutation {unknown}
 i - a potion of attraction {unknown}
 m - a potion of degeneration {unknown}
 q - a potion of brilliance {unknown}


   Skills:
 * Level 1.7 Fighting
 * Level 1.4 Short Blades
 + Level 3.4 Dodging
 + Level 2.5 Stealth
 + Level 5.8 Spellcasting


You couldn't memorise any spells.
You knew the following spells:

 Your Spells              Type           Power      Damage    Failure   Level
a - Magic Dart            Conj           100%       1d8       1%          1
b - Searing Ray           Conj           64%        2d6       1%          2
c - Dazzling Flash        Conj/Hex       64%        N/A       2%          3
d - Fulminant Prism       Conj/Hex       16%        3d11      9%          4
e - Iskenderun's Mystic   Conj/Tloc      32%        2d8       9%          4
f - Animate Skeleton      Necr           64%        N/A       1%          1
g - Corpse Rot            Necr/Air       64%        N/A       1%          2
h - Frozen Ramparts       Ice            96%        1d11      2%          3
Your spell library was empty.

Dungeon Overview and Level Annotations

Branches:
Dungeon (4/15)
 Temple: D:4-7

Altars:

Shops:
D:3 (

Annotations:
D:4 Duvessa


Innate Abilities, Weirdness & Mutations

You are immune to sickness and miasma.
You are immune to poison.
Your flesh is very heat resistant. (rF++)
You are vulnerable to cold. (rC-)
You float through the air rather than walking.
You learn spells naturally, not from books.
Your magical power is your life essence.
You have superior vitality. (+4 MHP)


Message History

Duvessa seems to speed up.
The searing ray hits Dowan!
Dowan is almost dead.
The searing ray misses Duvessa.
The searing ray hits Duvessa but does no damage.
The searing ray hits Dowan.
You kill Dowan!
Duvessa screams in rage.
Duvessa goes berserk!
The searing ray hits Duvessa.
Duvessa is lightly wounded.
You finish channelling your searing ray.
Casting: Searing Ray (safe; 1% risk of failure)
Confirm with . or Enter, or press ? or * to list all spells.
Aiming: Searing Ray (safe; 1% risk of failure)
Press: ? - help, Shift-Dir - straight line, f - Duvessa
Aim: Duvessa, wielding a +2 short sword of holy wrath and wearing a +3 ring mail of fire resistance (lightly wounded, berserk, fast, 86% to hit)
The searing ray hits Duvessa.
Duvessa is lightly wounded.
The searing ray hits the endoplasm.
You kill the endoplasm! (Press . to maintain the ray.) Duvessa hits you with a +2 short sword of holy wrath.
Duvessa hits you with a +2 short sword of holy wrath!
The searing ray hits Duvessa.
Duvessa is moderately wounded.
Duvessa completely misses you.
The searing ray hits Duvessa but does no damage.
Duvessa is moderately wounded.
Duvessa hits you with a +2 short sword of holy wrath!
Duvessa barely misses you.
The searing ray hits Duvessa!
Duvessa is moderately wounded.
* * * LOW HITPOINT WARNING * * *
You finish channelling your searing ray.
Duvessa hits you with a +2 short sword of holy wrath!
* * * LOW HITPOINT WARNING * * *
Duvessa barely misses you.
Duvessa hits you with a +2 short sword of holy wrath!!
You die...

.. ##'#####....#
..####..)..##....#
#.#.###...#....#######
#.....####....# .)...
#......#.###..#....
..#.....#.....###..
#......#......#.###...
##.....#....e#.....#
#.###.#....@.#...)..#
#.....###.....#.....##
#......#.###.#......#
#.....#.....###.....#
......#......#.###.#..
#.....#..<..#... ##...
#.###.#......# .. ..
.....###.....#
......#.###.#..


You could see Duvessa (berserk, fast).

Vanquished Creatures
  A wyvern (D:4)
  Pargi (D:3)
  Dowan (D:4)
  A jelly (D:2)
  A hound (D:2)
  An iguana (D:4)
  An orc wizard (D:3)
  Terence (D:3)
  Robin (D:2)
  A gnoll (D:1)
  4 adders
  7 orcs
  8 endoplasms
  9 giant cockroaches
  17 goblins
  9 hobgoblins
  2 jackals (D:1)
  2 quokkas
  7 ball pythons
  4 bats
  A frilled lizard (D:3)
  5 kobolds
  2 rats
87 creatures vanquished.

Vanquished Creatures (others)
  8 plants (D:1)
8 creatures vanquished.

Grand Total: 95 creatures vanquished

Notes
Turn   | Place    | Note
-------+----------+-------------------------------------------
     0 | D:1      | mortz the Djinni Conjurer began the quest for the Orb.
     0 | D:1      | Reached XP level 1. HP: 15/15 MP: 0/0
   291 | D:1      | Reached XP level 2. HP: 17/21 MP: 0/0
   861 | D:1      | Reached XP level 3. HP: 10/25 MP: 0/0
   861 | D:1      | Learned a level 1 spell: Animate Skeleton
  1595 | D:2      | Reached skill level 4 in Spellcasting
  1600 | D:2      | Reached XP level 4. HP: 23/31 MP: 0/0
  2078 | D:2      | Noticed Robin
  2087 | D:2      | Killed Robin
  2088 | D:2      | Reached XP level 5. HP: 13/35 MP: 0/0
  2088 | D:2      | Learned a level 2 spell: Corpse Rot
  2765 | D:3      | Noticed Terence
  3147 | D:3      | Noticed Pargi
  3171 | D:3      | Killed Pargi
  3172 | D:3      | Reached skill level 5 in Spellcasting
  3172 | D:3      | Reached XP level 6. HP: 10/41 MP: 0/0
  3564 | D:3      | Found Zeqo's Antique Weapon Shop.
  3771 | D:3      | Killed Terence
  3926 | D:3      | Found a faded altar of an unknown god.
  4153 | D:3      | Reached skill level 1 in Fighting
  4452 | D:4      | Noticed a wyvern
  4553 | D:4      | Reached XP level 7. HP: 41/47 MP: 0/0
  4553 | D:4      | Learned a level 3 spell: Frozen Ramparts
  4604 | D:4      | Killed a wyvern
  4605 | D:4      | Reached skill level 1 in Short Blades
  4856 | D:4      | Noticed Dowan
  4859 | D:4      | Noticed Duvessa
  4864 | D:4      | Killed Dowan
  4869 | D:4      | HP: 1/48 [Duvessa (14)]
  4872 | D:4      | Demolished by Duvessa

Illustrated notes

Levels and vault maps discovered:
D:1:      lightli_arrival_chessboard, layout_loops_cross,
          chequers_serial_rivers_room_b, nicolae_grassy_gnolls
D:2:      minmay_roachtagon, layout_loops_cross, uniq_robin
D:3:      layout_loops_ring, hellmonk_ecumenical_altar_slurped_away,
          serial_shops, shop_statue, grunt_ministairs_10,
          minmay_shallow_snake_nest, uniq_pargi, uniq_terence
D:4:      nicolae_BIG_FREAKIN_CUBE, layout_gridville, uniq_duvessa, uniq_pikel

Skill      XL: |  1  2  3  4  5  6  7 |
---------------+----------------------+-----
Spellcasting   | 4 5 |  5.8
Stealth        | 2 |  2.5
Dodging        | 3 |  3.4
Fighting       | 1 |  1.7
Short Blades   | 1 |  1.4

Action                   |  1- 3 |  4- 6 |  7- 9 || total
-------------------------+-------+-------+-------++-------
Melee: Short sword       |     1 |       |       ||     1
 Cast: Magic Dart        |    45 |    64 |    13 ||   122
       Searing Ray       |     3 |    20 |     4 ||    27
       Dazzling Flash    |       |     1 |       ||     1
Evoke: Wand              |       |     1 |       ||     1
Armor: Robe              |     1 |     2 |       ||     3
       Animal skin       |       |     9 |       ||     9
Dodge: Dodged            |     2 |    27 |     6 ||    35
